 Dungeon Crawl Stone Soup version 0.31-a0-632-g766dd24fdf (webtiles) character file.

Game seed: 3525343514221518055

20 McSplat the Stinger (level 2, -3/19 HPs)
             Began as a Merfolk Venom Mage on Aug 26, 2023.
             Slain by Terence
             ... wielding a +0 morningstar
              (11 damage)
             ... on level 2 of the Dungeon.
             The game lasted 00:03:39 (1092 turns).

McSplat the Stinger (Merfolk Venom Mage)            Turns: 1092, Time: 00:03:40

Health: -3/19      AC:  3    Str:  8    XL:     2   Next: 79%
Magic:  2/5        EV: 12    Int: 14    God:
Gold:   81         SH:  0    Dex: 14    Spells: 2/5 levels left

rFire   . . .        f - +0 trident
rCold   . . .        (no shield)
rNeg    . . .        h - +0 leather armour
rPois   .            (no helmet)
rElec   .            (no cloak)
rCorr   .            (no gloves)
SInv    .            (no boots)
Will    .....        (no amulet)
Stlth   ++           (no ring)
HPRegen 0.23/turn    (no ring)
MPRegen 0.09/turn

%: no passive effects
@: no status effects
A: (nimble swimmer 2), mertail
a: no special abilities


You were on level 2 of the Dungeon.
You visited 1 branch of the dungeon, and saw 2 of its levels.

You collected 81 gold pieces.

Inventory:

Hand Weapons
 f - a +0 trident (weapon)
Armour
 h - a +0 leather armour (worn)
Jewellery
 c - a ring of fire
Scrolls
 a - a scroll of summoning {unknown}
 e - a scroll of identify {unknown}
 g - a scroll of teleportation {unknown}
Potions
 b - a potion of magic
 d - a potion of curing {unknown}


   Skills:
 + Level 0.4 Polearms
 + Level 3.1 Dodging
 - Level 2.1 Stealth
 + Level 2.2 Spellcasting
 - Level 1.8 Transmutations
 + Level 0.2 Air Magic
 + Level 3.5 Poison Magic


You had 2 spell levels left.
You knew the following spells:

 Your Spells              Type           Power      Damage    Failure   Level
a - Sting                 Tmut/Pois      36%        1d4       11%         1
b - Poisonous Vapours     Pois/Air       12%        N/A       24%         2

Your spell library contained the following spells:

 Spells                   Type           Power      Damage    Failure   Level
 Mephitic Cloud           Conj/Pois/Air  5%         N/A       52%         3
 Olgreb's Toxic Radiance  Pois           11%        N/A       61%         4


Dungeon Overview and Level Annotations

Branches:
Dungeon (2/15)

Altars:

Annotations:
D:2 Terence


Innate Abilities, Weirdness & Mutations

((You are very nimble when in or above water. (Stealth+, EV+, Speed+++)))
Your lower body shifts to a powerful aquatic tail in water.


Message History

Casting: Sting (safe; 11% risk of failure)
Confirm with . or Enter, or press ? or * to list all spells.
Aiming: Sting (safe; 11% risk of failure)
Press: ? - help, Shift-Dir - straight line, f/p - Terence
Aim: Terence, wielding a +0 morningstar and wearing a +0 scale mail (lightly wounded, very poisoned, 72% to hit)
You miscast Sting.
Nothing appears to happen.
Terence hits you with a +0 morningstar.
Unknown command.
You hit Terence but do no damage.
Terence is lightly wounded.
Terence closely misses you.
You aren't carrying any items that you can evoke.
Unknown command.
Unknown command.
Terence attacks as he pursues you! Terence barely misses you.
Terence attacks as he pursues you! Terence hits you but does no damage.
Terence looks more healthy.
Your magical contamination has completely faded away.
Casting: Sting (safe; 11% risk of failure)
Confirm with . or Enter, or press ? or * to list all spells.
Aiming: Sting (safe; 11% risk of failure)
Press: ? - help, Shift-Dir - straight line, f/p - Terence
Aim: Terence, wielding a +0 morningstar and wearing a +0 scale mail (moderately wounded, 72% to hit)
The sting hits Terence but does no damage.
Terence is poisoned.
Terence is moderately wounded.
Terence hits you with a +0 morningstar.
You hit Terence but do no damage.
Terence is moderately wounded.
Terence hits you with a +0 morningstar!
Ouch! That really hurt!
* * * LOW HITPOINT WARNING * * *
Terence barely misses you.
You see here 5 stones.
You see here 4 stones.
Terence attacks as he pursues you! Terence closely misses you.
A ball python comes into view.
Terence attacks as he pursues you! Terence hits you with a +0 morningstar!
Ouch! That really hurt!
You die...

#.#### #. ## #....#
#S... #.##.# #.#.##.
#.##.# #.#.##.##.##.#
#.#.# ..#.##.# #.#.#
#.#.##.#
##.#####.#.###.#.##.#
#............@@...#.#
#..#####.#.########.#
###..# #.#.†........#
..#..#####.#(##########
..#.................
..#.......#......###
.........('.......#
..........#.......#
..........#.......#


You could see Terence.

Vanquished Creatures
  2 ball pythons (D:1)
  3 endoplasms
  2 giant cockroaches (D:1)
  3 hobgoblins
  2 quokkas
  A bat (D:1)
  2 frilled lizards
  2 rats (D:1)
17 creatures vanquished.

Notes
Turn   | Place    | Note
-------+----------+-------------------------------------------
     0 | D:1      | McSplat the Merfolk Venom Mage began the quest for the Orb.
     0 | D:1      | Reached XP level 1. HP: 13/13 MP: 3/3
   229 | D:1      | Reached XP level 2. HP: 19/19 MP: 1/5
   272 | D:1      | Learned a level 2 spell: Poisonous Vapours
  1054 | D:2      | Noticed Terence
  1092 | D:2      | Slain by Terence

Illustrated notes

Levels and vault maps discovered:
D:1:      evilmike_arrival_crescent, layout_basic
D:2:      layout_basic, uniq_terence

Skill      XL: |  1  2 |
---------------+-------+-----
Dodging        | 3 |  3.1
Polearms       | |  0.4
Stealth        | |  2.1
Spellcasting   | |  2.2
Transmutations | |  1.8
Air Magic      | |  0.2
Poison Magic   | |  3.5

Action                     || total
---------------------------++-------
  Melee: Hand axe          ||     7
         Unarmed           ||     1
         Trident           ||    15
   Cast: Sting             ||    26
 Armour: Robe              ||     1
         Leather armour    ||     1
  Dodge: Dodged            ||    14

Table legend: (Time is in decaauts)
 A = Elapsed time spent in this place.
 B = Non-inter-level travel time spent in this place.
 C = Inter-level travel time spent in this place.
 D = Time resting spent in this place.
 E = Time spent auto-exploring this place.
 F = Levels seen in this place.
 G = Mean time per level.
                   A        B        C        D        E       F      G
               +--------+--------+--------+--------+--------+-----+--------+
         Total |   1096 |   1082 |     14 |    149 |    727 |   2 |  548.0 |
       Dungeon |   1096 |   1082 |     14 |    149 |    727 |   2 |  548.0 |
               +--------+--------+--------+--------+--------+-----+--------+

Top non-repeatable levels by time:
     D:1: 946 daAuts
     D:2: 150 daAuts
